 Dungeon Crawl Stone Soup version 0.23.2-1-ga50397a (webtiles) character file.

Game seed: 17821175696093843383

29 HASTUR3 the Covered (level 3, 26/26 HPs)
             Began as a Demonspawn Wanderer on May 30, 2019.
             Quit the game on level 1 of the Dungeon.
             The game lasted 00:02:16 (623 turns).

HASTUR3 the Covered (Demonspawn Wanderer)            Turns: 623, Time: 00:02:17

Health: 26/26      AC:  5    Str: 12    XL:     3   Next: 1%
Magic:  13/13      EV: 11    Int: 13    God:
Gold:   30         SH:  0    Dex: 13    Spells: 2/2 levels left

rFire    . . .     SeeInvis .   a - +2 short sword
rCold    . . .     Gourm    .   (no shield)
rNeg     . . .     Faith    .   c - +0 ring mail
rPois    .         Spirit   .   (no helmet)
rElec    .         Reflect  .   (no cloak)
rCorr    .         Harm     .   (no gloves)
MR       .....                  (no boots)
Stlth    +.........             (no amulet)
HPRegen  0.08/turn              e - ring of magical power
MPRegen  0.13/turn              (no ring)

@: no status effects
A: claws 1
a: no special abilities


You were on level 1 of the Dungeon.
You were not hungry.

You visited 1 branch of the dungeon, and saw 1 of its levels.

You collected 30 gold pieces.

Inventory:

Hand Weapons
 a - a +2 short sword (weapon)
Armour
 c - a +0 ring mail (worn)
Jewellery
 e - a ring of magical power (left claw)
Scrolls
 f - a scroll of enchant weapon {unknown}
 g - a scroll of teleportation {unknown}
 h - 2 scrolls of identify
 i - a scroll of random uselessness {unknown}
 j - a scroll of blinking {unknown}
 l - a scroll of noise {unknown}
Potions
 b - 2 potions of curing
Comestibles
 d - 2 rations
 k - a chunk of flesh


   Skills:
 - Level 1.3 Fighting
 - Level 1.3 Short Blades
 - Level 3.9 Armour
 - Level 2.2 Dodging
 + Level 0.5 Unarmed Combat
   Level 2.0 Evocations


You had 2 spell levels left.
You didn't know any spells.
Your spell library was empty.

Dungeon Overview and Level Annotations

Branches:
Dungeon (1/15)

Altars:


Innate Abilities, Weirdness & Mutations

You have sharp fingernails.


Message History

You hit the bat.
You kill the bat!
Found 18 sling bullets.
A hobgoblin comes into view.
A hobgoblin is nearby!
You see here a scroll labeled DAOSUIXZASA.
The hobgoblin hits you but does no damage.
You puncture the hobgoblin!
You kill the hobgoblin!
You have reached level 3!
Your experience leads to an increase in your attributes!
Increase (S)trength, (I)ntelligence, or (D)exterity?
You feel stronger.
You see here a hobgoblin corpse.
You see here a hobgoblin corpse.
You butcher the hobgoblin corpse.
k - a chunk of flesh You see here a hobgoblin skeleton.
l - a scroll labeled DAOSUIXZASA Are you sure you want to abandon this character and quit the game? (Confirm with "yes".)

...............##.........# #..##
#####..........##.........# #..##
#..........##.........# #..##
#........####.........# #...#
#........####......#..####..#
#........#.......###...# #...
#........#........##...# ##..
#####........#........##...## ##.
....##########..@.....##....## ##
....#.......##.........#.....####
....#.......####.....#.#........#
............####รท....#...........
)..........(.....................
............#...(..####...#######
.####.......#......# ##.. .#
##..............+ ...> .#
#...#####.......# ##.


There were no monsters in sight!

Vanquished Creatures
  A dart slug (D:1)
  4 bats (D:1)
  A giant cockroach (D:1)
  3 goblins (D:1)
  4 hobgoblins (D:1)
  4 jackals (D:1)
  2 frilled lizards (D:1)
  3 kobolds (D:1)
  3 rats (D:1)
25 creatures vanquished.

Notes
Turn   | Place    | Note
-------+----------+-------------------------------------------
     0 | D:1      | HASTUR3 the Demonspawn Wanderer began the quest for the
                  | Orb.
     0 | D:1      | HASTUR3 set off with the following items: a +2 short sword,
                  | a potion of curing, a +0 ring mail, a ration
     0 | D:1      | Reached XP level 1. HP: 15/15 MP: 2/2
   102 | D:1      | Gained mutation: You have sharp fingernails. [demonic
                  | ancestry]
   102 | D:1      | Reached XP level 2. HP: 18/21 MP: 3/3
   613 | D:1      | Reached XP level 3. HP: 26/26 MP: 4/4
   623 | D:1      | Quit the game

Skill      XL: |  1 |
---------------+----+-----
Dodging        | 2 |  2.2
Fighting       | |  1.3
Short Blades   | |  1.3
Armour         | |  3.9
Unarmed Combat | |  0.5
Evocations     | |  2.0

Action                   || total
-------------------------++-------
Melee: Short sword       ||    70
  Use: Scroll            ||     1
Armor: Ring mail         ||    26
Dodge: Dodged            ||    28
